 Dungeon Crawl Stone Soup version 0.31-a0-544-gceb718ecc6 (webtiles) character file.

Game seed: 2036913167228727761

358 Fodor the Slasher (level 6, -4/53 HPs)
             Began as a Minotaur Fighter on Aug 15, 2023.
             Slain by an ogre
             ... wielding a +0 giant club
              (11 damage)
             ... on level 4 of the Dungeon.
             The game lasted 00:13:30 (2332 turns).

Fodor the Slasher (Minotaur Fighter)                Turns: 2332, Time: 00:13:31

Health: -4/53      AC:  7    Str: 22    XL:     6   Next: 37%
Magic:  0/5        EV:  9    Int:  5    God:
Gold:   117        SH:  4    Dex: 10    Spells: 5/5 levels left

rFire   . . .        p - +0 war axe
rCold   . . .        c - +0 buckler
rNeg    + . .        b - +0 scale mail
rPois   .            (helmet restricted)
rElec   .            (no cloak)
rCorr   .            (no gloves)
SInv    .            (no boots)
Will    .....        o - amulet of Gozag's Righteous Fury {Spirit rN+} Stlth
                     (no ring)
HPRegen 0.28/turn    (no ring)
MPRegen 0.09/turn

%: guardian spirit
@: no status effects
A: horns 2, retaliatory headbutt
a: no special abilities


You were on level 4 of the Dungeon.
You visited 1 branch of the dungeon, and saw 4 of its levels.

You collected 117 gold pieces.

Inventory:

Hand Weapons
 p - a +0 war axe (weapon)
Armour
 b - a +0 scale mail (worn)
 c - a +0 buckler (worn)
Jewellery
 k - a ring of see invisible
 o - the amulet of Gozag's Righteous Fury (around neck) {Spirit rN+}
   (You found it on level 3 of the Dungeon)

   [amulet of guardian spirit]

   Spirit:    It causes incoming damage to be divided between your reserves of
   health and magic.
   rN+:       It protects you from negative energy.
Scrolls
 f - 9 scrolls of identify {unknown}
 g - 2 scrolls of fog {unknown}
 i - a scroll of enchant armour {unknown}
 l - 3 scrolls of teleportation {unknown}
 m - a scroll of torment {unknown}
 n - a scroll of revelation {unknown}
Potions
 d - 2 potions of might
 e - a potion of berserk rage {unknown}
 h - a potion of lignification {unknown}
 j - 3 potions of curing {unknown}


   Skills:
 + Level 4.5 Fighting
 + Level 5.4 Long Blades
 + Level 5.2 Armour
 + Level 1.1 Dodging
 + Level 0.6 Stealth
 + Level 4.8 Shields


You had 5 spell levels left.
You didn't know any spells.
Your spell library contained the following spells:

 Spells                   Type           Power      Damage    Failure   Level
 Cigotuvi's Dreadful Rot  Necr/Pois/Air  0%         N/A       94%         2
 Ignite Poison            Fire/Tmut/Pois 0%         N/A       99%         3
 Freezing Cloud           Conj/Ice/Air   0%         6-21      100%        5


Dungeon Overview and Level Annotations

Branches:
Dungeon (4/15)
 Temple: D:4-7

Altars:
Fedhas


Innate Abilities, Weirdness & Mutations

You have a pair of horns on your head.
You reflexively headbutt those who attack you in melee.


Message History

Found a scroll labelled NUDDUI TEDODD.
You see here a +0 ring mail.
g - 2 scrolls labelled NUDDUI TEDODD (gained 1)
You enter the shallow water.
Moving in this stuff is going to be slow.
Why would you want to do that?
You enter the shallow water.
Moving in this stuff is going to be slow.
You see here a +0 ring mail.
There is an open door here.
There is a stone staircase leading down here.
Things that are here:
a +0 whip; a stone
Things that are here:
a +0 whip; a stone
There is a stone staircase leading down here.
You climb downwards.
You hear the sound of rushing water.
There is an entrance to a sewer on this level.
Hurry and find it before the portal rusts away!
The kobold shouts!
The ogre shouts!
Found 9 gold pieces.
Found a stone staircase leading up.
There is a stone staircase leading up here.
Found a scroll labelled ZUXKELIDWU.
An orc comes into view. It is wielding a +3 dagger of speed.
The orc shouts!
The ogre hits you with a +0 giant club!
You hit the ogre.
The ogre is moderately wounded.
The ogre hits you with a +0 giant club!!
You slash the ogre! Your headbutt misses the ogre.
The ogre is heavily wounded.
You slash the kobold!
You kill the kobold!
The ogre hits you with a +0 giant club!
* * * LOW HITPOINT WARNING * * *
You hit the ogre. You headbutt the ogre!
The ogre is almost dead.
You hit the orc but do no damage. The orc hits you but does no damage.
The ogre hits you with a +0 giant club!
You die...

# ###.
....######
......... ####
.........
.....
#.....###.....
#...oO.......
#....@)....#
###......#...#
........<..$.#
##.....##....#
#..... .......
#...#. ...#...
#..?.. ..<....
##..#. #..#...
.. #. ..#...


You could see an ogre and an orc.

Vanquished Creatures
  Grinder (D:3)
  A phantom (D:3)
  Natasha (D:3)
  2 gnolls (D:1)
  An adder (D:3)
  2 dart slugs
  An orc (D:3)
  3 endoplasms
  A giant cockroach (D:3)
  7 goblins
  4 hobgoblins
  2 quokkas (D:1)
  A ball python (D:2)
  3 bats
  5 frilled lizards
  8 kobolds
  4 rats
47 creatures vanquished.

Notes
Turn   | Place    | Note
-------+----------+-------------------------------------------
     0 | D:1      | Fodor the Minotaur Fighter began the quest for the Orb.
     0 | D:1      | Reached XP level 1. HP: 19/19 MP: 0/0
   181 | D:1      | Reached XP level 2. HP: 27/27 MP: 1/1
   603 | D:1      | Reached XP level 3. HP: 33/33 MP: 2/2
  1357 | D:3      | Noticed a phantom
  1368 | D:3      | Killed a phantom
  1369 | D:3      | Reached XP level 4. HP: 32/40 MP: 3/3
  1668 | D:3      | Noticed Grinder
  1677 | D:3      | Paralysed by Grinder for 3 turns
  1690 | D:3      | Killed Grinder
  1691 | D:3      | Reached skill level 5 in Long Blades
  1691 | D:3      | Reached skill level 5 in Armour
  1691 | D:3      | Reached skill level 1 in Dodging
  1691 | D:3      | Reached XP level 5. HP: 42/47 MP: 4/4
  1691 | D:3      | Reached XP level 6. HP: 48/53 MP: 5/5
  1702 | D:3      | Identified the amulet of Gozag's Righteous Fury {Spirit
                  | rN+}
  1745 | D:3      | Found a blossoming altar of Fedhas.
  1811 | D:3      | Noticed Natasha
  1818 | D:3      | Killed Natasha
  2332 | D:4      | Slain by an ogre

Illustrated notes

Levels and vault maps discovered:
D:1:      denvon_arrival_planthouse, layout_basic, kennysheep_pointless_box
D:2:      layout_rooms
D:3:      layout_basic, fedhas_altar_fruit_tree, minivault_5,
          minmay_crystal_water, uniq_grinder, uniq_natasha
D:4:      layout_basic, minmay_temple_entry_wispy,
          cheibrodos_sewer_entry_sluice, nicolae_shop_fire_sale
          [nicolae_sub_dead_trees], minmay_misc_feat_pillars

Skill      XL: |  1  2  3  4 |
---------------+-------------+-----
Armour         | 4 5 |  5.2
Shields        | 4 |  4.8
Long Blades    | 3 5 |  5.4
Fighting       | 4 |  4.5
Dodging        | 1 |  1.1
Stealth        | |  0.6

Action                     |  1- 3 |  4- 6 || total
---------------------------+-------+-------++-------
  Melee: Long sword        |    70 |    39 ||   109
         Headbutt          |     9 |     7 ||    16
         War axe           |       |     8 ||     8
 Armour: Scale mail        |    31 |    13 ||    44
  Dodge: Dodged            |    44 |    25 ||    69
  Block: Buckler           |    18 |     6 ||    24

Table legend: (Time is in decaauts)
 A = Elapsed time spent in this place.
 B = Non-inter-level travel time spent in this place.
 C = Inter-level travel time spent in this place.
 D = Time resting spent in this place.
 E = Time spent auto-exploring this place.
 F = Levels seen in this place.
 G = Mean time per level.
                   A        B        C        D        E       F      G
               +--------+--------+--------+--------+--------+-----+--------+
         Total |   2367 |   2253 |    114 |    136 |      0 |   4 |  591.8 |
       Dungeon |   2367 |   2253 |    114 |    136 |      0 |   4 |  591.8 |
               +--------+--------+--------+--------+--------+-----+--------+

Top non-repeatable levels by time:
     D:3: 1001 daAuts
     D:1: 814 daAuts
     D:2: 544 daAuts
     D:4: 6 daAuts
